 Dungeon Crawl Stone Soup version 0.29.1-15-g9cfb28693d (webtiles) character file.

Game seed: 9595473381520974619

10 protoss039 the Digger (level 2, -1/20 HPs)
             Began as a Demonspawn Earth Elementalist on Mar 15, 2023.
             Slain by a quokka (5 damage)
             ... on level 1 of the Dungeon.
             The game lasted 00:00:43 (130 turns).

protoss039 the Digger (DsEE)                         Turns: 130, Time: 00:00:44

Health: -1/20      AC:  2    Str:  8    XL:     2   Next: 10%
Magic:  0/5        EV: 12    Int: 16    God:
Gold:   19         SH:  0    Dex: 13    Spells: 4/5 levels left

rFire   . . .      SeeInvis +   d - +0 dagger
rCold   . . .      Faith    .   (no shield)
rNeg    . . .      Spirit   .   a - +0 robe
rPois   .          Reflect  .   (no helmet)
rElec   .          Harm     .   (no cloak)
rCorr   .          Rampage  .   (no gloves)
Will    .....                   (no boots)
Stlth   ++........              (no amulet)
HPRegen 0.06/turn               c - ring of see invisible
MPRegen 0.09/turn               (no ring)

@: no status effects
A: foul stench 1
a: no special abilities


You were on level 1 of the Dungeon.
You visited 1 branch of the dungeon, and saw 1 of its levels.

You collected 19 gold pieces.

Inventory:

Hand Weapons
 d - a +0 dagger (weapon)
Armour
 a - a +0 robe (worn)
Jewellery
 c - a ring of see invisible (left hand)
Potions
 b - a potion of magic


   Skills:
 + Level 0.9 Fighting
 - Level 1.7 Dodging
 - Level 1.7 Stealth
 + Level 2.2 Spellcasting
 - Level 0.8 Transmutations
 + Level 2.9 Earth Magic


You had 4 spell levels left.
You knew the following spells:

 Your Spells              Type           Power      Damage    Failure   Level
a - Sandblast             Erth           22%        2d7       6%          1

Your spell library contained the following spells:

 Spells                   Type           Power      Damage    Failure   Level
 Passwall                 Tmut/Erth      5%         N/A       14%         2
 Stone Arrow              Conj/Erth      12%        3d7       32%         3
 Petrify                  Tmut/Erth      7%         N/A       67%         4


Dungeon Overview and Level Annotations

Branches:
Dungeon (1/15) Zot: 5863

Altars:


Innate Abilities, Weirdness & Mutations

You may rarely emit foul miasma when damaged in melee.


Message History

Press: ? - help, Shift-Dir - straight line, f - quokka
Aim: a quokka (75% to hit)
The blast of sand hits the quokka but does no damage.
The quokka bites you but does no damage.
Unknown command.
The quokka attacks as you move away! The quokka barely misses you.
You hit the quokka.
The quokka is lightly wounded.
The quokka barely misses you.
You miss the quokka.
The quokka is lightly wounded.
The quokka bites you but does no damage.
The quokka bites you.
You barely miss the quokka.
The quokka is lightly wounded.
The quokka barely misses you.
You hit the quokka.
The quokka is moderately wounded.
The quokka bites you.
You hit the quokka but do no damage.
The quokka is moderately wounded.
The quokka closely misses you.
You hit the quokka.
The quokka is severely wounded.
The quokka bites you.
* * * LOW HITPOINT WARNING * * *
The quokka bites you.
* * * LOW HITPOINT WARNING * * *
Casting: Sandblast (safe; 6% risk of failure)
Confirm with . or Enter, or press ? or * to list all spells.
Aiming: Sandblast (safe; 6% risk of failure)
Press: ? - help, Shift-Dir - straight line, f/p - quokka
Aim: a quokka (heavily wounded, 75% to hit)
The blast of sand misses the quokka.
The quokka closely misses you.
Unknown command.
Unknown command.
You barely miss the quokka.
The quokka is heavily wounded.
The quokka barely misses you. The quokka bites you.
You die...

####..)...#
#....####.#
##....)..#
#...####.#
#.#.# #
#####.#.# #
........#.#
#######r†.#
#.....@...# #
#.#######.....
# #.# ...#.. #
#.# #....
###########.#
###..
#...........#
..
##.###########
##............
...###.#######


You could see a quokka.

Vanquished Creatures
  A ball python (D:1)
  2 hobgoblins (D:1)
  2 bats (D:1)
  3 goblins (D:1)
  A kobold (D:1)
  A rat (D:1)
10 creatures vanquished.

Notes
Turn   | Place    | Note
-------+----------+-------------------------------------------
     0 | D:1      | protoss039 the Demonspawn Earth Elementalist began the
                  | quest for the Orb.
     0 | D:1      | Reached XP level 1. HP: 13/13 MP: 3/3
   108 | D:1      | Gained mutation: You may rarely emit foul miasma when
                  | damaged in melee. [demonic ancestry]
   108 | D:1      | Reached XP level 2. HP: 11/20 MP: 1/5
   130 | D:1      | Slain by a quokka

Illustrated notes

Levels and vault maps discovered:
D:1:      ldierk_water_garden, layout_basic,
          shapermc_ecumenical_altar_starsandcircs, minmay_door_square,
          minmay_misc_feat_roman, minmay_heptomino_l4

Action                   || total
-------------------------++-------
Melee: Dagger            ||    26
 Cast: Sandblast         ||    11
Armor: Robe              ||    11
Dodge: Dodged            ||    28
